 Dungeon Crawl Stone Soup version 0.17-a0-1468-gbf503c2 (webtiles) character file.

32 Sirial the Sneak (level 3, 0/28 HPs)
             Began as a Draconian Wanderer on July 1, 2015.
             Was a Follower of Trog.
             Slain by an iron imp (9 damage)
             ... summoned by Natasha
             ... on level 2 of the Dungeon.
             The game lasted 00:03:49 (663 turns).

Sirial the Sneak (Draconian Wanderer)                Turns: 663, Time: 00:03:49

Health: 0/28       AC:  5    Str: 16    XL:     3   Next: 8%
Magic:  3/3        EV: 11    Int: 12    God:    Trog [*.....]
Gold:   47         SH:  0    Dex:  9    Spells: 0 memorised, 2 levels left

rFire  . . .     SeeInvis .     g - +2 dagger (freeze)
rCold  . . .     Clarity  .     (armour unavailable)
rNeg   . . .     SustAt   .     (no shield)
rPois  .         Gourm    .     (helmet restricted)
rElec  .         Spirit   .     (no cloak)
rCorr  .         Warding  .     (no gloves)
rMut   .         Stasis   .     (no boots)
MR     .....                    (no amulet)
Stlth  ++........               (no ring)
                                j - ring of wizardry

@: slowed, very slow, not resistant to hostile enchantments, unstealthy
A: unfitting armour, cold-blooded, AC +5
a: Burn Spellbooks, Berserk, Renounce Religion


You were on level 2 of the Dungeon.
You worshipped Trog.
Trog was aware of your devotion.
You were not hungry.

You visited 1 branch of the dungeon, and saw 2 of its levels.

You collected 47 gold pieces.

Inventory:

Hand weapons
 a - a +2 dagger
 g - a +2 dagger of freezing (weapon)
Jewellery
 j - a ring of wizardry (left hand)
Scrolls
 b - a scroll of fear
 d - a scroll of teleportation
 f - 2 scrolls of identify
 i - a scroll of remove curse {unknown}
Potions
 c - a potion of cancellation {unknown}
Comestibles
 e - a bread ration
 h - 4 fruits
 k - a slice of pizza


   Skills:
 + Level 1.2 Fighting
   Level 1.0 Staves
 + Level 1.0 Throwing
 + Level 1.4 Dodging
 + Level 3.4 Stealth
   Level 1.0 Shields
 + Level 2.4 Unarmed Combat


You had 2 spell levels left.
You didn't know any spells.

Dungeon Overview and Level Annotations

Branches:
Dungeon (2/15)

Altars:
Trog

Annotations:
D:2 Natasha


Innate Abilities, Weirdness & Mutations

Your plain brown scales are hard (AC +5).
Your body does not fit into most forms of armour.
You are cold-blooded and may be slowed by cold attacks.


Message History

You see here a scroll labeled XOHILI TELE.
i - a scroll labeled XOHILI TELE Natasha mumbles some strange words.
Natasha misses you.
Natasha mumbles some strange words.
There is a faded altar to an unknown god here.
This altar will convert you to a god.
You cannot discern which.
Do you pray? Trog accepts your prayer! Trog welcomes you!
You can now call upon Trog to burn spellbooks in your surroundings.
You can now go berserk at will.
The iron imp hits you but does no damage.
The crimson imp laughs crazily.
You hit the crimson imp. You freeze the crimson imp.
Your tail-slap misses the crimson imp.
The crimson imp is moderately wounded.
The crimson imp blinks!
The iron imp hits you.
Natasha mumbles some strange words.
You hit the iron imp but do no damage. The iron imp hits you!
You die...

## .. #. #.
#.####.
......g####
#.......5.#######
#......#5.h......
..#..#@#.##.##.#
#.##..#ยง.# #
#.##.....# #.
#.5....#.# #.
#........##.
.##.##............
.......))....#####
#..........#
###........#


You could see an iron imp, Natasha, a crimson imp, a shadow imp and a goblin.

Vanquished Creatures
  A worm (D:2)
  A giant gecko (D:1)
  4 bats (D:1)
  5 hobgoblins
  A giant cockroach (D:1)
  A giant newt (D:1)
  5 goblins
  4 jackals (D:1)
  3 kobolds
  A rat (D:1)
26 creatures vanquished.

Notes
Turn   | Place    | Note
--------------------------------------------------------------
     0 | D:1      | Sirial the Draconian Wanderer began the quest for the Orb.
     0 | D:1      | Sirial set off with: a +2 dagger, a scroll of fear, a potion of lignification, a scroll of teleportation, a bread ration
     0 | D:1      | Reached XP level 1. HP: 16/16 MP: 1/1
    69 | D:1      | Reached skill level 3 in Stealth
    93 | D:1      | Reached XP level 2. HP: 1/23 MP: 2/2
   100 | D:1      | HP: 1/23 [bat (1)]
   572 | D:2      | Found a faded altar to an unknown god.
   579 | D:2      | Reached XP level 3. HP: 8/28 MP: 3/3
   654 | D:2      | Noticed Natasha
   661 | D:2      | Became a worshipper of Trog the Wrathful
   661 | D:2      | Acquired Trog's first power
   663 | D:2      | Slain by an iron imp

Vault maps used:
D:1:      matt_arrival_refuge, hangedman_feature_mirror
D:2:      ecumenical_altar_1, st_stairs_7, grunt_decor_mini_mirrors,
          uniq_jessica, uniq_natasha, uniq_sigmund

Action                   || total
-------------------------++-------
Melee: Dagger            ||    82
  Use: Scroll            ||     4
       Potion            ||     2
 Stab: Sleeping          ||     1
